 Dungeon Sprint DCSS version 0.23.0-28-g6fe0f4d (webtiles) character file.

Game seed: 17188605114102245222

203800000 Fang the Conqueror (level 27, 249/249 HPs)
             Began as a Demonspawn Gladiator on Feb 21, 2019.
             Was the Champion of Makhleb.
             Escaped with the Orb!
             The game lasted 00:08:07 (1019 turns).

Fang the Conqueror (Demonspawn Gladiator)           Turns: 1019, Time: 00:08:07

Health: 249/249    AC: 39    Str: 26    XL:     27
Magic:  54/54      EV: 24    Int: 11    God:    Makhleb [******]
Gold:   0          SH:  0    Dex: 15    Spells: 80/80 levels left

rFire    . . .     SeeInvis .   l - +∞ Axe of Woe
rCold    + + .     Gourm    .   (shield currently unavailable)
rNeg     + . .     Faith    .   o - +3 plate armour {rC+}
rPois    +         Spirit   +   (helmet unavailable)
rElec    .         Reflect  .   (no cloak)
rCorr    .         Harm     .   (no gloves)
MR       ++...     NoTele   +   (no boots)
Stlth    ++........             (no amulet)
HPRegen  0.51/turn              n - +27000 ring of slaying
MPRegen  0.68/turn              (no ring)

@: no status effects
A: horns 3, slimy green scales 3, cold resistance 1, icemail, negative energy
resistance 1, 50% torment resistance, magic shield, magic regeneration, magic
link, black mark, freezing cloud immunity
0: Orb of Zot
a: Minor Destruction, Lesser Servant of Makhleb, Major Destruction, Greater
Servant of Makhleb, Renounce Religion


You escaped.
You worshipped Makhleb.
Makhleb was exalted by your worship.
You were hungry.

You visited 1 branch

Inventory:

Hand Weapons
 a - a +0 war axe
 l - the +∞ Axe of Woe (weapon)
   (You found it in the Dungeon)
Missiles
 d - 3 throwing nets (quivered)
Armour
 b - a +0 leather armour
 c - a +0 helmet
 o - a +3 plate armour of cold resistance (worn)
Jewellery
 n - a +27000 ring of slaying (left hand)
 p - an uncursed ring of protection from fire
Scrolls
 k - a scroll of blinking
Potions
 e - a potion of curing
 g - a potion of heal wounds
 h - a potion of haste
 i - 2 potions of magic
 j - a potion of berserk rage
Comestibles
 f - a ration
 m - 4 chunks of flesh


   Skills:
 O Level 27 Fighting
 O Level 27 Short Blades
 O Level 27 Long Blades
 O Level 27 Axes
 O Level 27 Maces & Flails
 O Level 27 Polearms
 O Level 27 Staves
 O Level 27 Slings
 O Level 27 Bows
 O Level 27 Crossbows
 O Level 27 Throwing
 O Level 27 Armour
 O Level 27 Dodging
 O Level 27 Stealth
 O Level 27 Shields
 O Level 27 Unarmed Combat
 O Level 27 Spellcasting
 O Level 27 Conjurations
 O Level 27 Hexes
 O Level 27 Charms
 O Level 27 Summonings
 O Level 27 Necromancy
 O Level 27 Translocations
 O Level 27 Transmutations
 O Level 27 Fire Magic
 O Level 27 Ice Magic
 O Level 27 Air Magic
 O Level 27 Earth Magic
 O Level 27 Poison Magic
 O Level 27 Invocations
 O Level 27 Evocations


You had 80 spell levels left.
You didn't know any spells.
Your spell library was empty.

Dungeon Overview and Level Annotations

Branches:
Dungeon (1/1)

Altars:
Makhleb


Innate Abilities, Weirdness & Mutations

You have a pair of large horns on your head.
You are completely covered in slimy green scales. (AC +4, rPois)
Your flesh is cold resistant. (rC+)
A meltable icy envelope protects you from harm. (AC +10)
You resist negative energy. (rN+)
You are somewhat able to resist unholy torments (1 in 2 success).
When hurt, damage is shared between your health and your magic reserves.
You regenerate magic rapidly.
When low on magic, you restore magic in place of health.
Your melee attacks may debilitate your foes.
You are immune to freezing clouds.


Message History

You hear a shout!
You hear a shout! x2
You hear a shout! x2
You are feeling hungry.
You hear a shout!
You hear a shout!
You see here a +0 trident.
You hear a shout!
The Orb Guardian misses you.
You open the Orb Guardian like a pillowcase!!!!!!!!!!
You pulverise the Orb Guardian into a thin bloody mist.
You kill the Orb Guardian!
Makhleb accepts your kill.
You hear a shout! x2
You hear a shout!
You hear a shout!
You hear a shout! x3
There is a staircase leading out of the dungeon here.
You hear a shout! x2
You have escaped!

...).)...........................
..#...).....................)...#
...#........#.......#...)))).....
......#..)..#.[.....#....)))....#
...#..))).###.......###..........
.........).....###.............##
.......#........_................
.....#.......#.....#.......#.#...
###.......)..#_.@._#.............
#....#.......#..)..#).....#†#.#..
.......#........_................
..........)))).###.........#.#.#.
.....)))))###)).....###..........
....))))))..#)).....#............
....))))).).#)))....#............
...#).))))))))).........)........
..#.#.#)).))([..)....)..#)..#....


There were no monsters in sight!

Vanquished Creatures
  137 orcs (D)
  5 pandemonium lords (D)
  2 Brimstone Fiends (D)
  2 Tzitzimimeh (D)
  2 Hell Sentinels (D)
  6 Orb Guardians (D)
  An Ice Fiend (D)
  2 liches (D)
  An Executioner (D)
  A daeva (D)
  An angel (D)
  A cacodemon (D)
  A warmonger (D)
  A blood saint (D)
  2 reapers (D)
  A black sun (D)
  A lorocyproca (D)
  2 green deaths (D)
  3 blizzard demons (D)
  A sixfirhy (D)
  A shadow demon (D)
  A cherub (D)
  A torturous demonspawn (D)
  3 gelid demonspawn (D)
  3 rust devils (D)
  2 orange demons (D)
  A hellion (D)
  An ice devil (D)
  2 tormentors (D)
  2 demonic crawlers (D)
  2 red devils (D)
  2 large abominations (D)
  A ynoxinul (D)
  A neqoxec (D)
  A chaos spawn (D)
  5 golden eyes (D)
  A small abomination (D)
  A quasit (D)
  6 ball lightnings (D)
  Dispater (D)
  4 vampire knights (D)
  24 ogres (D)
  6 two-headed ogres (D)
245 creatures vanquished.

Vanquished Creatures (others)
  9 ball lightnings (D)
9 creatures vanquished.

Grand Total: 254 creatures vanquished

Notes
Turn   | Place    | Note
-------+----------+-------------------------------------------
     0 | D        | Found the +∞ Axe of Woe
     0 | D        | Fang the Demonspawn Gladiator began the quest for the Orb.
     0 | D        | Reached XP level 1. HP: 16/16 MP: 1/1
     2 | D        | Noticed a bag of meat
     4 | D        | Became a worshipper of Makhleb the Destroyer
     5 | D        | Noticed a bag of meat
     9 | D        | Killed a bag of meat
     9 | D        | Gained mutation: You have a pair of small horns on your
                  | head. [demonic ancestry]
     9 | D        | Reached XP level 2. HP: 43/43 MP: 2/2
     9 | D        | Gained mutation: When hurt, damage is shared between your
                  | health and your magic reserves. [demonic ancestry]
     9 | D        | Reached XP level 3. HP: 49/49 MP: 3/3
     9 | D        | Gained mutation: You are partially covered in slimy green
                  | scales. (AC +2) [demonic ancestry]
     9 | D        | Reached XP level 4. HP: 56/56 MP: 4/4
     9 | D        | Gained mutation: You regenerate magic rapidly. [demonic
                  | ancestry]
     9 | D        | Reached XP level 5. HP: 62/62 MP: 5/5
     9 | D        | Reached XP level 6. HP: 69/69 MP: 6/6
     9 | D        | Reached XP level 7. HP: 75/75 MP: 7/7
     9 | D        | Reached XP level 8. HP: 82/82 MP: 8/8
     9 | D        | Gained mutation: You have a pair of horns on your head.
                  | [demonic ancestry]
     9 | D        | Reached XP level 9. HP: 88/88 MP: 9/9
     9 | D        | Gained mutation: Your flesh is cold resistant. (rC+)
                  | [demonic ancestry]
     9 | D        | Reached XP level 10. HP: 95/95 MP: 10/10
     9 | D        | Gained mutation: You are mostly covered in slimy green
                  | scales. (AC +3) [demonic ancestry]
     9 | D        | Reached XP level 11. HP: 101/101 MP: 11/11
     9 | D        | Noticed a bag of meat
    10 | D        | Noticed a bag of meat
    12 | D        | Noticed a bag of meat
    13 | D        | Killed a bag of meat
    13 | D        | Reached * piety under Makhleb
    13 | D        | Reached skill level 15 in Axes
    13 | D        | Reached skill level 15 in Throwing
    13 | D        | Reached skill level 15 in Dodging
    13 | D        | Reached XP level 12. HP: 113/113 MP: 12/12
    13 | D        | Noticed a bag of meat
    15 | D        | Killed a bag of meat
    15 | D        | Gained mutation: You are completely covered in slimy green
                  | scales. (AC +4, rPois) [demonic ancestry]
    15 | D        | Reached XP level 13. HP: 122/122 MP: 13/13
    15 | D        | Noticed a bag of meat
    15 | D        | Noticed a bag of meat
    17 | D        | Killed a bag of meat
    17 | D        | Reached XP level 14. HP: 108/133 MP: 11/14
    17 | D        | Killed a bag of meat
    17 | D        | Reached ** piety under Makhleb
    17 | D        | Noticed a meat berserker
    19 | D        | Killed a bag of meat
    19 | D        | Reached XP level 15. HP: 144/144 MP: 11/15
    19 | D        | Noticed a meat berserker
    22 | D        | Killed a meat berserker
    22 | D        | Reached *** piety under Makhleb
    22 | D        | Reached XP level 16. HP: 157/157 MP: 9/16
    25 | D        | Reached **** piety under Makhleb
    25 | D        | Reached XP level 17. HP: 169/169 MP: 10/17
    26 | D        | Killed a meat berserker
    26 | D        | Noticed a large bag of meat
    27 | D        | Reached skill level 27 in Fighting
    29 | D        | Gained mutation: You are immune to freezing clouds.
                  | [demonic ancestry]
    29 | D        | Reached XP level 18. HP: 182/182 MP: 11/18
    30 | D        | Reached ***** piety under Makhleb
    32 | D        | Killed a large bag of meat
    32 | D        | Reached skill level 27 in Axes
    32 | D        | Reached skill level 27 in Throwing
    32 | D        | Reached skill level 27 in Dodging
    32 | D        | Reached skill level 10 in Armour
    32 | D        | Reached skill level 10 in Unarmed Combat
    32 | D        | Reached skill level 10 in Spellcasting
    33 | D        | Reached skill level 15 in Invocations
    33 | D        | Gained mutation: You have a pair of large horns on your
                  | head. [demonic ancestry]
    33 | D        | Reached XP level 19. HP: 176/189 MP: 10/34
    34 | D        | Noticed a meat berserker
    35 | D        | Reached skill level 15 in Stealth
    35 | D        | Reached skill level 15 in Armour
    35 | D        | Reached skill level 15 in Unarmed Combat
    35 | D        | Reached skill level 15 in Spellcasting
    36 | D        | Noticed a meat berserker
    37 | D        | Killed a meat berserker
    37 | D        | Reached ****** piety under Makhleb
    37 | D        | Reached XP level 20. HP: 197/197 MP: 11/41
    40 | D        | Killed a meat berserker
    41 | D        | Noticed a destroyer
    42 | D        | Reached skill level 27 in Invocations
    42 | D        | Gained mutation: When low on magic, you restore magic in
                  | place of health. [demonic ancestry]
    42 | D        | Reached XP level 21. HP: 204/204 MP: 13/46
    44 | D        | Killed a destroyer
    48 | D        | Noticed a destroyer
    49 | D        | Reached skill level 27 in Stealth
    49 | D        | Reached XP level 22. HP: 212/212 MP: 14/51
    50 | D        | HP: 10/212 [destroyer/+9 great sword of slicing (2)]
    51 | D        | Reached skill level 27 in Armour
    51 | D        | Reached skill level 27 in Unarmed Combat
    51 | D        | Reached skill level 27 in Spellcasting
    51 | D        | Killed a destroyer
    51 | D        | Gained mutation: You resist negative energy. (rN+) [demonic
                  | ancestry]
    51 | D        | Reached XP level 23. HP: 127/219 MP: 1/54
    57 | D        | Reached XP level 24. HP: 227/227 MP: 5/54
    70 | D        | Noticed a large bag of meat
    84 | D        | Killed a large bag of meat
    84 | D        | Gained mutation: A meltable icy envelope protects you from
                  | harm. (AC +10) [demonic ancestry]
    84 | D        | Reached XP level 25. HP: 234/234 MP: 26/54
    97 | D        | Gained mutation: You are somewhat able to resist unholy
                  | torments (1 in 2 success). [demonic ancestry]
    97 | D        | Reached XP level 26. HP: 242/242 MP: 31/54
    98 | D        | Noticed a large bag of meat
   103 | D        | Killed a large bag of meat
   104 | D        | Gained mutation: Your melee attacks may debilitate your
                  | foes. [demonic ancestry]
   104 | D        | Reached XP level 27. HP: 157/249 MP: 17/54
   108 | D        | Noticed a large bag of meat
   112 | D        | Killed a large bag of meat
   115 | D        | Noticed a large bag of meat
   121 | D        | Killed a large bag of meat
   193 | D        | Noticed a destroyer
   195 | D        | Noticed a destroyer
   198 | D        | Killed a destroyer
   200 | D        | Noticed a large bag of meat
   205 | D        | Noticed The Meatlord
   206 | D        | Killed a destroyer
   207 | D        | Killed a large bag of meat
   222 | D        | Killed The Meatlord
   223 | D        | Got the Orb of Zot
   354 | D        | Noticed Withril the pandemonium lord
   368 | D        | Killed Withril the pandemonium lord
   431 | D        | Reached skill level 27 in Short Blades
   431 | D        | Reached skill level 27 in Long Blades
   431 | D        | Reached skill level 27 in Maces & Flails
   431 | D        | Reached skill level 27 in Polearms
   431 | D        | Reached skill level 27 in Staves
   431 | D        | Reached skill level 27 in Slings
   431 | D        | Reached skill level 27 in Bows
   431 | D        | Reached skill level 27 in Crossbows
   431 | D        | Reached skill level 27 in Shields
   431 | D        | Reached skill level 27 in Conjurations
   431 | D        | Reached skill level 27 in Hexes
   431 | D        | Reached skill level 27 in Charms
   431 | D        | Reached skill level 27 in Summonings
   431 | D        | Reached skill level 27 in Necromancy
   431 | D        | Reached skill level 27 in Translocations
   431 | D        | Reached skill level 27 in Transmutations
   431 | D        | Reached skill level 27 in Fire Magic
   431 | D        | Reached skill level 27 in Ice Magic
   431 | D        | Reached skill level 27 in Air Magic
   431 | D        | Reached skill level 27 in Earth Magic
   431 | D        | Reached skill level 27 in Poison Magic
   431 | D        | Reached skill level 27 in Evocations
   431 | D        | Upgraded the game from 0.23.0-3-gf3c87f2 to
                  | 0.23.0-28-g6fe0f4d
   520 | D        | Noticed Latibb the pandemonium lord
   524 | D        | Killed Latibb the pandemonium lord
   666 | D        | Noticed Votsid the pandemonium lord
   669 | D        | Killed Votsid the pandemonium lord
   708 | D        | Noticed Cutoax the pandemonium lord
   709 | D        | Killed Cutoax the pandemonium lord
   729 | D        | Noticed Calerofonk the pandemonium lord
   731 | D        | Killed Calerofonk the pandemonium lord
   802 | D        | Paralysed by accursed screaming for 1 turns
  1019 | D        | Escaped with the Orb!

Skill      XL: |  1  2  3  4  5  6  7  8  9 10 11 12 13 14 15 16 17 18 19 20 21 22 23 24 25 26 27 |
---------------+----------------------------------------------------------------------------------+-----
Fighting       | 14 16 18 19 21 23 25 27 | 27.0
Axes           | 13 15 17 18 19 22 23 26 27 | 27.0
Throwing       | 13 15 16 18 19 21 23 26 27 | 27.0
Dodging        | 13 15 17 18 19 22 23 26 27 | 27.0
Armour         | 11 17 21 26 27 | 27.0
Stealth        | 12 19 22 27 | 27.0
Unarmed Combat | 11 17 21 26 27 | 27.0
Spellcasting   | 11 17 21 25 27 | 27.0
Invocations    | 15 23 27 | 27.0
Short Blades   | 27 | 27.0
Long Blades    | 27 | 27.0
Maces & Flails | 27 | 27.0
Polearms       | 27 | 27.0
Staves         | 27 | 27.0
Slings         | 27 | 27.0
Bows           | 27 | 27.0
Crossbows      | 27 | 27.0
Shields        | 27 | 27.0
Conjurations   | 27 | 27.0
Hexes          | 27 | 27.0
Charms         | 27 | 27.0
Summonings     | 27 | 27.0
Necromancy     | 27 | 27.0
Translocations | 27 | 27.0
Transmutations | 27 | 27.0
Fire Magic     | 27 | 27.0
Ice Magic      | 27 | 27.0
Air Magic      | 27 | 27.0
Earth Magic    | 27 | 27.0
Poison Magic   | 27 | 27.0
Evocations     | 27 | 27.0

Action                   |  1- 3 |  4- 6 |  7- 9 | 10-12 | 13-15 | 16-18 | 19-21 | 22-24 | 25-27 || total
-------------------------+-------+-------+-------+-------+-------+-------+-------+-------+-------++-------
Melee: Executioner's axe |     1 |       |       |     2 |     4 |     8 |     9 |    13 |   140 ||   177
 Stab: Distracted        |       |       |       |       |       |       |       |       |     1 ||     1
Armor: Leather armour    |       |       |       |       |       |       |     1 |       |     4 ||     5
       Plate armour      |       |       |       |       |       |       |       |       |    13 ||    13
Dodge: Dodged            |       |       |       |       |       |     1 |     2 |     2 |    67 ||    72
